 Dungeon Crawl Stone Soup version 0.25-a0-110-ge29c8f2358 (webtiles) character file.

Game seed: 4885896572244712510, levelgen mode: deterministic

103320 MrRokkomies the Unseen (level 15, -11/115 HPs)
             Began as a Vampire Enchanter on Nov 19, 2019.
             Was an Elder of Sif Muna.
             Mangled by a spriggan rider
             ... wielding a +0 spear
              (21 damage)
             ... on level 2 of the Swamp on Nov 20, 2019.
             The game lasted 02:34:10 (32721 turns).

MrRokkomies the Unseen (Vampire Enchanter)         Turns: 32721, Time: 02:34:11

Health: -11/115    AC: 14    Str:  7    XL:     15   Next: 88%
Magic:  16/33      EV: 18    Int: 22    God:    Sif Muna [****..]
Gold:   267        SH:  8    Dex: 15    Spells: 0/25 levels left

rFire    + . .     SeeInvis +   a - +2 short sword (distort)
rCold    + + .     Gourm    .   I - +3 warlock's mirror {reflect}
rNeg     . . .     Faith    +   y - +1 leather armour {rC+}
rPois    .         Spirit   .   R - +2 hat
rElec    .         Reflect  +   S - scarf {rC+ rF+}
rCorr    .         Harm     .   T - +1 pair of gloves {archery}
MR       +....                  m - +0 pair of boots
Stlth    ++++++....             t - amulet of faith
HPRegen  0.49/turn              Y - +5 ring of protection
MPRegen  0.23/turn              f - ring of magical power

@: regenerating quickly
A: no food, fangs 3, see invisible, weak 1, unbreathing
a: Exsanguinate, Channel Magic, Forget Spell, Divine Exegesis, Renounce Religion


You were on level 2 of the Swamp.
You worshipped Sif Muna.
Sif Muna was greatly pleased with you.
You were alive.

You visited 5 branches of the dungeon, and saw 26 of its levels.
You visited 1 bazaar.
You also visited: Sewer.

You collected 2377 gold pieces.
You spent 2110 gold pieces at shops.

Inventory:

Hand Weapons
 a - a +2 short sword of distortion (weapon)
 j - the +10 dagger of Gluttony {pain, Int+4}
   (You found it on level 2 of the Swamp)

   In the hands of one skilled in necromantic magic, it inflicts extra damage on
   living creatures.
   It affects your intelligence (+4).
Missiles
 e - 50 boomerangs (quivered)
 n - 118 poisoned darts
 p - 5 atropa-tipped darts
 J - 17 curare-tipped darts
 M - 14 datura-tipped darts
Armour
 m - a +0 pair of boots (worn)
 y - a +1 leather armour of cold resistance (worn)
 I - the +3 warlock's mirror (worn) {reflect}
   (You bought it in a shop on level 6 of the Dungeon)
 R - a +2 hat (worn)
 S - a scarf of resistance (worn)
 T - a +1 pair of gloves of archery (worn)
Jewellery
 f - a ring of magical power (right hand)
 t - an amulet of faith (around neck)
 U - a +2 ring of protection
 Y - a +5 ring of protection (left hand)
Wands
 i - a wand of flame (33)
 v - a wand of acid (20)
 w - a wand of paralysis (39)
 H - a wand of enslavement (8)
 N - a wand of scattershot (9)
 X - a wand of iceblast (6)
 Z - a wand of digging (7)
Scrolls
 c - 9 scrolls of teleportation
 l - 9 scrolls of enchant weapon
 s - 7 scrolls of fog
 D - 7 scrolls of remove curse
 F - 5 scrolls of magic mapping
 G - 5 scrolls of immolation
 Q - 3 scrolls of enchant armour
 V - a scroll of vulnerability
 W - a scroll of identify
Potions
 b - 5 potions of agility
 d - 2 potions of resistance
 g - 3 potions of mutation
 h - a potion of invisibility
 o - 2 potions of flight
 q - 4 potions of lignification
 u - 8 potions of haste
 z - a potion of brilliance
 B - 2 potions of magic
 C - 6 potions of might
Miscellaneous
 L - a lamp of fire


   Skills:
 - Level 10.0 Fighting
 - Level 10.0 Short Blades
 - Level 8.0 Throwing
 * Level 11.1 Dodging
 - Level 17.5 Stealth
 - Level 4.0 Shields
 + Level 5.8 Spellcasting
 - Level 12.0 Hexes
 * Level 3.7 Summonings
 - Level 5.5 Transmutations
 - Level 12.0 Invocations


You couldn't memorise any spells.
You knew the following spells:

 Your Spells              Type           Power        Failure   Level  Hunger
a - Tukima's Dance        Hex            ######..     1%          3    N/A
b - Ensorcelled Hibernat  Hex/Ice        ####..       1%          2    N/A
c - Confuse               Hex            ######..     1%          3    N/A
d - Cause Fear            Hex            ######....   1%          4    N/A
e - Blink                 Tloc           N/A          22%         2    N/A
f - Summon Mana Viper     Hex/Summ       #####...     16%         5    N/A
g - Yara's Violent Unrav  Hex/Tmut       #####.....   11%         5    N/A
h - Confusing Touch       Hex            ######       1%          1    N/A

Your spell library contained the following spells:

 Spells                   Type           Power        Failure   Level  Hunger
 Beastly Appendage        Tmut           ####..       1%          1    N/A
 Corona                   Hex            ######.      1%          1    N/A
 Slow                     Hex            ######..     1%          2    N/A
 Sticks to Snakes         Tmut           ####....     2%          2    N/A
 Summon Small Mammal      Summ           ###.         3%          1    N/A
 Dazzling Spray           Conj/Hex       ####..       3%          3    N/A
 Inner Flame              Hex/Fire       ####....     3%          3    N/A
 Spectral Weapon          Hex/Chrm       ####....     3%          3    N/A
 Call Imp                 Summ           ###.....     4%          2    N/A
 Fulminant Prism          Conj/Hex       ####......   12%         4    N/A
 Leda's Liquefaction      Hex/Erth       ####......   12%         4    N/A
 Animate Skeleton         Necr           N/A          14%         1    N/A
 Apportation              Tloc           #.....       14%         1    N/A
 Magic Dart               Conj           #...         14%         1    N/A
 Shock                    Conj/Air       #...         14%         1    N/A
 Spider Form              Tmut/Pois      ###.......   14%         3    N/A
 Corpse Rot               Necr           N/A          22%         2    N/A
 Searing Ray              Conj           #.....       22%         2    N/A
 Shroud of Golubria       Chrm/Tloc      #.....       22%         2    N/A
 Song of Slaying          Chrm           #.......     22%         2    N/A
 Swiftness                Chrm/Air       #.......     22%         2    N/A
 Metabolic Englaciation   Hex/Ice        ####......   32%         5    N/A
 Silence                  Hex/Air        ####......   32%         5    N/A
 Conjure Flame            Conj/Fire      #.......     38%         3    N/A
 Mephitic Cloud           Conj/Pois/Air  #.......     38%         3    N/A
 Ozocubu's Armour         Chrm/Ice       #.......     38%         3    N/A
 Static Discharge         Conj/Air       #.......     38%         3    N/A
 Stone Arrow              Conj/Erth      #.....       38%         3    N/A
 Vampiric Draining        Necr           #.........   38%         3    N/A
 Blade Hands              Tmut           ####......   38%         5    N/A
 Ice Form                 Ice/Tmut       ###.....     41%         4    N/A
 Summon Ice Beast         Ice/Summ       ##......     54%         4    N/A
 Airstrike                Air            #.........   80%         4    N/A
 Sticky Flame             Conj/Fire      #.......     80%         4    N/A
 Throw Icicle             Conj/Ice       #.......     80%         4    N/A
 Summon Forest            Summ/Tloc      ##........   88%         5    N/A
 Hydra Form               Tmut           ####......   92%         6    N/A
 Agony                    Necr           #.......     98%         5    N/A
 Bolt of Magma            Conj/Fire/Erth #.........   98%         5    N/A
 Iskenderun's Battlesphe  Conj/Chrm      #.......     98%         5    N/A
 Lightning Bolt           Conj/Air       #.........   98%         5    N/A
 Venom Bolt               Conj/Pois      #.........   98%         5    N/A
 Bolt of Cold             Conj/Ice       #.........   100%        6    N/A
 Deflect Missiles         Chrm/Air       #.........   100%        6    N/A
 Iron Shot                Conj/Erth      #.........   100%        6    N/A
 Simulacrum               Ice/Necr       #.........   100%        6    N/A
 Statue Form              Tmut/Erth      ###......    100%        6    N/A
 Dragon Form              Tmut           ####......   100%        7    N/A
 Haunt                    Necr/Summ      ##........   100%        7    N/A
 Orb of Destruction       Conj           #.........   100%        7    N/A
 Spellforged Servitor     Conj/Summ      ##........   100%        7    N/A
 Summon Hydra             Summ           ###.......   100%        7    N/A
 Discord                  Hex            ######....   100%        8    N/A
 Glaciate                 Conj/Ice       #.........   100%        9    N/A
 Shatter                  Erth           #.........   100%        9    N/A

Dungeon Overview and Level Annotations

Branches:
Dungeon (15/15)            Temple (1/1) D:4            Lair (6/6) D:9
  Swamp (2/4) Lair:2        Snake (0/4) Lair:2        Slime (0/5) Lair:5
    Orc (2/2) D:11            Elf (0/3) Orc:2        Vaults (0/5) D:14
 Depths (0/5) D:15          Sewer (visited)

Altars:
Cheibriados
Dithmenos
Elyvilon
Fedhas
Gozag
Hepliaklqana
Kikubaaqudgha
Okawaru
Ru
Sif Muna
Trog
Vehumet
Wu Jian
Yredelemnul
Zin
The Shining One
Beogh
Jiyva

Shops:
D:6 [*%   D:8 *   D:12 ((}   Orc:2 =(?(

Annotations:
Lair:4 Rupert
Abyss:1 Josephine


Innate Abilities, Weirdness & Mutations

You do not eat.
Your natural rate of healing is unusually fast.
You have razor-sharp teeth.
You have supernaturally acute eyesight. (SInv)
You can survive without breathing.
You are weak. (Str -2)


Message History

Okay, then.
Casting: Confuse (safe; 1% risk of failure)
Confirm with . or Enter, or press ? or * to list all spells.
You blink.
The spriggan rider hits you but does no damage.
Casting: Blink (safe; 22% risk of failure)
Confirm with . or Enter, or press ? or * to list all spells.
You blink.
Splash!
You fall into the shallow water.
Moving in this stuff is going to be slow.
A four-headed hydra appears.
Sif Muna will no longer gift you books.
Casting: Summon Hydra (very dangerous; 100% risk of failure)
Confirm with . or Enter, or press ? or * to list all spells.
You blink.
You start resting.
The spriggan rider is too close now for your liking.
The spriggan rider hits you from afar with a +0 spear!!
You die... 777 7777777.77 7......≈≈77 777

7.≈≈≈≈.@7.7 77.7
7.≈≈≈≈≈..≈77 7<≈7
7≈...≈≈≈i≈.77 7≈≈7
7≈≈≈≈≈≈D7...7....7
77≈≈7
7.≈≈≈..≈≈.≈.(.≈≈.7
..≈§7
7.7≈≈≈≈.≈..≈.≈≈≈≈≈
≈≈7.7
7.≈7≈.≈≈≈≈≈≈≈...
77≈.7
7.≈.≈≈≈≈.7≈..≈7≈
.≈≈)7
7≈≈.≈≈≈≈≈≈≈7.77


You could see a spriggan rider and a friendly four-headed hydra.

Vanquished Creatures
  Kirke (Lair:5)
  An orc warlord (Orc:2)
  The ghost of Zesiwosm the Geomancer, a journeyman GrEE of Vehumet (D:15)
  A dire elephant (Lair:6)
  2 ettins (D:15)
  7 hydras
  2 centaur warriors (D:15)
  A catoblepas (Lair:6)
  Fannar (D:10)
  3 two-headed ogres
  6 alligators (Swamp:1)
  A tengu warrior (D:15)
  A death knight (D:12)
  A deep troll shaman (Lair:6)
  3 death yaks (Lair:6)
  3 orc high priests (Orc:2)
  Sonja (Lair:3)
  8 skeletal warriors
  3 unseen horrors
  A deep troll (D:15)
  Pikel (D:6)
  A wizard (D:15)
  2 orc knights (Orc:2)
  A lindwurm (Lair:3)
  3 deep elf magi
  3 ugly things
  4 orc sorcerers (Orc:2)
  2 elephants (Lair:6)
  3 cyclopes
  2 manticores (D:12)
  8 black mambas
  Maurice (D:8)
  A guardian serpent (shapeshifter) (D:14)
  3 centaur zombies
  A torpor snail (Lair:6)
  4 gargoyles (D:14)
  10 spiny frogs
  5 komodo dragons
  3 rime drakes (Lair:3)
  An efreet (D:13)
  7 trolls
  A hornet (shapeshifter) (D:14)
  3 tyrant leeches (Swamp:1)
  2 polar bears
  Prince Ribbit (D:5)
  11 blink frogs
  3 hornets
  4 bog bodies
  6 dream sheep
  12 hippogriffs
  18 slime creatures
  Sigmund (D:2)
  4 spriggans
  Eustachio (D:5)
  A centaur simulacrum (D:14)
  8 wyverns
  4 wraiths (D:14)
  5 shadows
  23 yaks
  8 basilisks
  3 hungry ghosts
  12 vampire mosquitoes
  7 hogs (Lair:5)
  8 wargs
  2 nagas (Lair:2)
  4 swamp worms
  2 insubstantial wisps (Swamp:1)
  Duvessa (D:5)
  4 water moccasins
  11 porcupines
  4 ice beasts
  2 swamp drakes
  29 orc warriors
  A slave (D:6)
  3 sky beasts
  5 black bears
  3 phantoms
  9 ogres
  3 boggarts (D:14)
  23 wolves
  14 centaurs
  10 crocodiles
  4 big kobolds
  20 bullfrogs
  2 wyvern zombies
  Dowan (D:5)
  7 scorpions
  9 killer bees
  10 wights
  3 electric eels (Lair:2)
  A howler monkey (D:6)
  4 crimson imps
  2 quasits
  2 jellies
  7 hounds
  27 orc priests
  3 centaur skeletons
  5 iguanas
  12 orc wizards
  17 worker ants
  2 hound zombies
  2 hound skeletons (D:7)
  A worker ant zombie (D:5)
  2 gnolls (D:4)
  2 howler monkey skeletons
  17 adders
  4 shadow imps
  4 oozes
  2 adder zombies
  2 adder skeletons
  3 worms
  A dart slug (D:1)
  11 leopard geckos
  97 orcs
  6 ball pythons
  7 giant cockroaches
  8 goblins
  9 hobgoblins
  7 jackals
  6 quokkas
  12 bats
  11 frilled lizards
  20 kobolds
  A leopard gecko skeleton (D:8)
  A leopard gecko zombie (D:5)
  10 rats
  A spectral orc (D:8)
  A fungus (Lair:6)
  A plant (Lair:5)
777 creatures vanquished.

Vanquished Creatures (collateral kills)
  4 two-headed ogres
  An orc knight (Orc:2)
  A troll (Orc:2)
  2 orc warriors
  3 ogres
  A centaur (D:14)
  A big kobold (D:10)
  8 wights
  A jelly (D:12)
  10 orc priests (Orc:2)
  A gnoll (D:4)
  7 orcs
  A quokka zombie (D:8)
41 creatures vanquished.

Vanquished Creatures (others)
  An ironheart preserver (D:14)
  A hydra (Swamp:1)
  A catoblepas (D:13)
  3 two-headed ogres
  2 cyclopes
  A manticore (D:12)
  6 dancing weapons
  2 centaur zombies
  2 trolls
  6 slime creatures
  A hippogriff (D:13)
  A wraith (D:14)
  A yak (D:12)
  A hungry ghost (D:12)
  2 vampire mosquitoes
  A warg (Orc:2)
  An insubstantial wisp (Swamp:1)
  6 orc warriors
  An ogre (Orc:2)
  A boggart (D:14)
  A centaur (D:11)
  A wyvern zombie (D:13)
  A scorpion (D:12)
  A hound (D:14)
  3 orc priests (Orc:2)
  An orc wizard (D:15)
  A bullfrog skeleton (D:6)
  A worker ant (D:14)
  2 iguanas
  9 orcs
  A quokka (D:9)
  A block of ice (Lair:5)
  8 fungi
  9 plants
81 creatures vanquished.

Grand Total: 899 creatures vanquished

Notes
Turn   | Place    | Note
-------+----------+-------------------------------------------
     0 | D:1      | MrRokkomies the Vampire Enchanter began the quest for the
                  | Orb.
     0 | D:1      | Reached XP level 1. HP: 13/13 MP: 3/3
   121 | D:1      | Reached XP level 2. HP: 17/19 MP: 5/5
   125 | D:1      | Learned a level 2 spell: Ensorcelled Hibernation
   390 | D:1      | Reached skill level 5 in Hexes
   511 | D:1      | Reached XP level 3. HP: 24/24 MP: 6/6
   781 | D:1      | Reached skill level 5 in Stealth
   920 | D:2      | Reached XP level 4. HP: 30/30 MP: 7/7
   927 | D:2      | Learned a level 3 spell: Confuse
  1023 | D:2      | Noticed Sigmund
  1200 | D:2      | Killed Sigmund
  1200 | D:2      | Reached XP level 5. HP: 11/35 MP: 5/8
  1327 | D:2      | Reached skill level 6 in Stealth
  1384 | D:2      | Found a faded altar of an unknown god.
  1689 | D:2      | Reached XP level 6. HP: 41/41 MP: 9/9
  1692 | D:2      | Found an ornate altar of the Wu Jian Council.
  1692 | D:2      | Found a snail-covered altar of Cheibriados.
  2550 | D:2      | Learned a level 3 spell: Tukima's Dance
  2634 | D:4      | Found an iron altar of Okawaru.
  2985 | D:4      | Found a staircase to the Ecumenical Temple.
  2992 | Temple   | Entered the Ecumenical Temple
  3013 | Temple   | Became a worshipper of Sif Muna the Loreminder
  3118 | D:4      | Found a glowing golden altar of the Shining One.
  3652 | D:5      | Entered Level 5 of the Dungeon
  3676 | D:5      | Reached skill level 5 in Short Blades
  3761 | D:5      | Noticed Prince Ribbit
  3770 | D:5      | Killed Prince Ribbit
  3770 | D:5      | Reached skill level 7 in Stealth
  3770 | D:5      | Reached XP level 7. HP: 46/46 MP: 4/10
  3984 | D:5      | Reached * piety under Sif Muna
  4244 | D:5      | Noticed Eustachio
  4270 | D:5      | Killed Eustachio
  4270 | D:5      | Reached XP level 8. HP: 31/52 MP: 11/11
  4427 | D:5      | Reached skill level 8 in Stealth
  4714 | D:5      | Reached skill level 10 in Hexes
  4873 | D:5      | Noticed Dowan
  4875 | D:5      | Noticed Duvessa
  4883 | D:5      | Killed Duvessa
  4992 | D:5      | Killed Dowan
  5075 | D:6      | Noticed Pikel
  5155 | D:6      | Reached ** piety under Sif Muna
  5179 | D:6      | Found a glowing drain.
  5188 | D:6      | Found Doqafang's Food Emporium.
  5192 | Sewer    | Entered a sewer
  5812 | D:6      | Reached skill level 9 in Stealth
  5880 | D:6      | Killed Pikel
  5880 | D:6      | Reached XP level 9. HP: 39/57 MP: 3/12
  6117 | D:6      | Found Baobin's General Store.
  6137 | D:6      | Found Nistygyh's Armour Emporium.
  6146 | D:6      | Reached *** piety under Sif Muna
  6550 | D:6      | Reached skill level 10 in Stealth
  6705 | D:7      | Reached skill level 1 in Fighting
  6837 | D:7      | Found a sacrificial altar of Ru.
  7048 | D:7      | Found a bloodstained altar of Trog.
  7654 | D:8      | Reached **** piety under Sif Muna
  7681 | D:8      | Reached skill level 10 in Short Blades
  7702 | D:8      | Reached XP level 10. HP: 64/70 MP: 8/13
  7774 | D:8      | Found Zin's Purification Station.
  7776 | D:8      | Found a glowing silver altar of Zin.
  7823 | D:8      | Reached skill level 11 in Stealth
  8059 | D:8      | Noticed Maurice
  8079 | D:8      | Killed Maurice
  8079 | D:8      | Reached skill level 1 in Invocations
  8140 | D:8      | Found a basalt altar of Yredelemnul.
  8290 | D:6      | Bought the +3 warlock's mirror {reflect} for 480 gold
                  | pieces
  8290 | D:6      | Found the +3 warlock's mirror {reflect}
  8370 | D:9      | Noticed a two-headed ogre
  8392 | D:9      | Killed a two-headed ogre
  8398 | D:9      | Reached skill level 1 in Shields
  8504 | D:9      | Reached skill level 5 in Fighting
  8528 | D:9      | Found an opulent altar of Gozag.
  8540 | D:9      | Noticed a two-headed ogre
  8561 | D:10     | Entered Level 10 of the Dungeon
  9206 | D:10     | Noticed Fannar
  9213 | D:10     | Killed Fannar
  9245 | D:10     | Reached ***** piety under Sif Muna
  9272 | D:10     | Identified Sif Muna's Handbook of Ensnaring Aid (Sif Muna
                  | gifted it to you on level 10 of the Dungeon)
  9272 | D:10     | Received a gift from Sif Muna
  9548 | D:10     | Noticed a three-headed hydra
  9550 | D:10     | Reached XP level 11. HP: 83/83 MP: 14/14
  9552 | D:10     | Killed a three-headed hydra
  9552 | D:10     | Reached skill level 5 in Invocations
  9761 | D:9      | Found a white marble altar of Elyvilon.
 10456 | D:9      | Killed a two-headed ogre
 10734 | D:9      | Found a staircase to the Lair.
 10887 | Lair:1   | Entered Level 1 of the Lair of Beasts
 11813 | Lair:2   | Found a staircase to the Snake Pit.
 12140 | Lair:2   | Reached skill level 12 in Stealth
 12754 | Lair:2   | Found a staircase to the Swamp.
 13026 | D:6      | Bought a +1 pair of gloves of archery for 198 gold pieces
 13283 | Lair:3   | Reached XP level 12. HP: 45/94 MP: 4/17
 13592 | Lair:3   | Identified Hyckoinu's Grimoire of Battle Magic and Ice (Sif
                  | Muna gifted it to you on level 3 of the Lair of Beasts)
 13592 | Lair:3   | Received a gift from Sif Muna
 13611 | Lair:3   | Reached skill level 1 in Throwing
 14354 | Lair:3   | Noticed Sonja
 14361 | Lair:3   | Killed Sonja
 14578 | Lair:3   | Noticed a five-headed hydra
 14591 | Lair:3   | Killed a five-headed hydra
 14591 | Lair:3   | Reached skill level 13 in Stealth
 14901 | Lair:4   | Noticed a four-headed hydra
 14908 | Lair:4   | Killed a four-headed hydra
 14908 | Lair:4   | Reached skill level 10 in Fighting
 15341 | Lair:4   | Noticed Rupert
 15523 | Lair:5   | Noticed Kirke
 15530 | Lair:5   | Learned a level 4 spell: Cause Fear
 15698 | Lair:5   | Reached XP level 13. HP: 81/103 MP: 4/20
 15832 | Lair:5   | Killed Kirke
 15937 | Lair:5   | Reached skill level 10 in Invocations
 16242 | Lair:5   | Reached skill level 14 in Stealth
 16259 | Lair:5   | Found a staircase to the Slime Pits.
 16260 | Lair:5   | Found a viscous altar of Jiyva.
 16261 | Lair:5   | Reached skill level 5 in Throwing
 16945 | Lair:6   | Entered Level 6 of the Lair of Beasts
 18747 | Lair:6   | Noticed a dire elephant
 18777 | Lair:6   | Killed a dire elephant
 18998 | Lair:6   | Identified the Compendium of the Frostbite and Dark Secrets
 20035 | D:11     | Reached skill level 15 in Stealth
 20084 | D:11     | Reached XP level 14. HP: 64/110 MP: 12/22
 20335 | D:11     | Found a staircase to the Orcish Mines.
 21022 | Orc:1    | Entered Level 1 of the Orcish Mines
 21208 | Orc:2    | Entered Level 2 of the Orcish Mines
 21328 | Orc:2    | Received a gift from Sif Muna
 21417 | Orc:2    | Reached skill level 5 in Dodging
 22112 | Orc:2    | Found a roughly hewn altar of Beogh.
 22459 | Orc:2    | Found Mefu's Weapon Emporium.
 22466 | Orc:2    | Bought 8 datura-tipped darts for 35 gold pieces
 22473 | Orc:2    | Found Faidong's Magic Scroll Shoppe.
 22479 | Orc:2    | Bought a scroll of acquirement for 572 gold pieces
 22480 | Orc:2    | Got a faintly glowing helmet
 22491 | Orc:2    | Identified the +2 helmet of Forking Paths {-Cast rN+ MR+
                  | Regen+} (You acquired it on level 2 of the Orcish Mines)
 22815 | Orc:2    | Gained mutation: You are weak. (Str -2) [a neqoxec]
 22840 | Orc:2    | Identified Sif Muna's Tome of Moulding and Beguiling (Sif
                  | Muna gifted it to you on level 2 of the Orcish Mines)
 22840 | Orc:2    | Received a gift from Sif Muna
 22982 | Orc:2    | Found a staircase to the Elven Halls.
 23215 | Orc:2    | Noticed an orc warlord
 23277 | Orc:2    | Killed an orc warlord
 23378 | Orc:2    | Found a roughly hewn altar of Beogh.
 23389 | Orc:2    | Found Sosecri's Weapon Shoppe.
 23873 | Orc:2    | Found Seela's Jewellery Emporium.
 24840 | D:12     | Reached skill level 16 in Stealth
 24853 | D:12     | Found Seobiusk's Gadget Shoppe.
 25148 | D:12     | Received a gift from Sif Muna
 25205 | D:12     | Found Xaum's Antique Weapon Boutique.
 25215 | D:12     | Found Lahusoe's Antique Weapon Boutique.
 25229 | D:12     | HP: 4/110 [manticore/volley of spikes (11)]
 25244 | D:12     | Found a flickering gateway to a bazaar.
 25248 | Bazaar   | Entered a bazaar
 25434 | Bazaar   | Found Yqures's Gadget Emporium.
 25435 | Bazaar   | Found Vytourph's Assorted Antiques.
 25440 | Bazaar   | Found Neoh's Armour Emporium.
 25446 | Bazaar   | Found Estrec's General Store.
 25484 | Bazaar   | Found Gaihozi's Weapon Boutique.
 27002 | Orc:2    | Bought a +5 ring of protection for 825 gold pieces
 27286 | D:13     | Reached XP level 15. HP: 115/115 MP: 24/24
 27341 | D:13     | Reached skill level 5 in Spellcasting
 27742 | D:14     | Noticed Josephine
 27876 | D:14     | Identified Sif Muna's Reference Book on Captivating
                  | Sinister Magic (Sif Muna gifted it to you on level 14 of
                  | the Dungeon)
 27876 | D:14     | Received a gift from Sif Muna
 28008 | D:14     | Learned a level 2 spell: Blink
 28031 | D:14     | Learned a level 5 spell: Summon Mana Viper
 28037 | D:14     | Learned a level 5 spell: Yara's Violent Unravelling
 28052 | D:14     | Reached skill level 1 in Transmutations
 28299 | D:14     | Banished Josephine
 28695 | D:14     | Found a gate to the Vaults.
 28704 | D:14     | Learned a level 1 spell: Confusing Touch
 28941 | D:15     | Entered Level 15 of the Dungeon
 29018 | D:15     | Found an ancient bone altar of Kikubaaqudgha.
 29451 | D:15     | Reached skill level 17 in Stealth
 29817 | D:15     | Found a staircase to the Depths.
 29835 | D:15     | Found a runed translucent door.
 30066 | D:15     | Noticed Zesiwosm's ghost (journeyman GrEE)
 30072 | D:15     | Killed Zesiwosm's ghost
 30072 | D:15     | Reached skill level 10 in Dodging
 30074 | D:15     | Reached skill level 5 in Transmutations
 30334 | Swamp:1  | Entered Level 1 of the Swamp
 30418 | Swamp:1  | Found a hazy altar of Hepliaklqana.
 30964 | Swamp:1  | Reached skill level 1 in Summonings
 31052 | Swamp:1  | HP: 3/115 [five-headed hydra (5)]
 31651 | Swamp:1  | Identified Sif Muna's Almanac of Helpful Ice (Sif Muna
                  | gifted it to you on level 1 of the Swamp)
 31651 | Swamp:1  | Received a gift from Sif Muna
 32577 | Swamp:2  | Got a crude dagger
 32578 | Swamp:2  | Identified the +10 dagger of Gluttony {pain, Int+4} (You
                  | found it on level 2 of the Swamp)
 32721 | Swamp:2  | Mangled by a spriggan rider

Levels and vault maps discovered:
D:1:      dpeg_arrival_round_b, layout_basic
D:2:      layout_loops_ring, gammafunk_temple_overflow_wave,
          chequers_ecumenical_altar_grove, first_ration, uniq_sigmund
D:3:      layout_loops_ring, feat_on_display
D:4:      layout_loops_corners, okawaru_metal_pillars_1_2, tso_metal_star,
          minmay_temple_entry_drinking_statues
D:5:      layout_rooms, water_maze_lemuel, uniq_duvessa, uniq_prince_ribbit1,
          uniq_eustachio
D:6:      layout_rooms, serial_shops, nicolae_shop_behind_doors, shop_statue,
          shop, cheibrodos_sewer_entry_drain, minmay_crystal_water, uniq_pikel
D:7:      layout_cave_pods, nicolae_overflow_crystal_walls, hangedman_ru_absence
D:8:      layout_rooms, yredelemnul_forgotten_temple_becter, zin_purify,
          uniq_maurice
D:9:      layout_long_grid, elyvilon_altar_4, grunt_gozag_statues,
          erik_lair_dragon
D:10:     layout_gridville, hangedman_ranch [blue_anna_fruit_fields],
          uniq_fannar
D:11:     layout_loops_ring, erik_orc_4, chequers_avenue, lightli_orcish_oven
D:12:     layout_roguey, serial_shops, bzr_in_the_mist,
          nicolae_shop_window_shopping, kennysheep_mini_moat,
          nicolae_shop_behind_doors
D:13:     layout_loops_corners
D:14:     layout_long_grid, skrybe_vaults_entry_preservation, uniq_josephine
D:15:     hangedman_depths_entry_civil_slaughter, layout_rooms,
          serial_corexii_hall, chequers_hall_statues_corner_a,
          corexii_hall_statues_s, lemuel_doored_altar,
          ebering_ghost_inner_flame, minmay_fountain_box, grunt_decor_arrowhead
Temple:   nicolae_temple_hex_pool
Lair:1:   layout_gridlike
Lair:2:   layout_regular_city, swamp_mist, guppyfry_snake_entry_island,
          serial_bayou_ford_a, st_stairs_11
Lair:3:   layout_regular_city, minmay_shattered_shrine, lemuel_fruit_fields,
          uniq_sonja
Lair:4:   layout_big_grid, patterned_corridor, uniq_rupert
Lair:5:   layout_small_grid, slime_altar_1, forest_entry_grove,
          grunt_megastairs_2, infiniplex_staircase_pool_2, uniq_kirke
Lair:6:   grunt_lair_end_beastmaster, layout_cave_pods
Swamp:1:  layout_basic_swamp, nicolae_swamp_godswood
Swamp:2:  layout_falls_marsh, hangedman_swamp_cone, uniq_roxanne
Orc:1:    layout_diamond_mine
Orc:2:    pubby_orc_utopia

Skill      XL: |  1  2  3  4  5  6  7  8  9 10 11 12 13 14 15 |
---------------+----------------------------------------------+-----
Short Blades   | 2 4 5 6 8 10 | 10.0
Hexes          | 5 6 7 8 9 11 12 | 12.0
Stealth        | 5 6 7 9 10 11 12 13 15 16 17 | 17.5
Fighting       | 3 6 8 10 | 10.0
Invocations    | 4 7 9 11 12 | 12.0
Shields        | 3 4 |  4.0
Throwing       | 4 6 8 |  8.0
Dodging        | 4 8 11 | 11.1
Spellcasting   | 4 5 |  5.8
Transmutations | 5 |  5.5
Summonings     | 3 |  3.7

Action                   |  1- 3 |  4- 6 |  7- 9 | 10-12 | 13-15 || total
-------------------------+-------+-------+-------+-------+-------++-------
Melee: Dagger            |   175 |   274 |   760 |   609 |       ||  1818
       Bite              |    15 |    18 |    65 |    79 |   216 ||   393
       Short sword       |       |       |       |   100 |  1984 ||  2084
Throw: Stone             |       |       |     3 |    11 |    12 ||    26
       Dart              |       |       |       |       |    75 ||    75
       Boomerang         |       |       |       |       |    18 ||    18
 Cast: Corona            |     1 |       |       |       |       ||     1
       Ensorcelled Hiber |     3 |     2 |    30 |   125 |   108 ||   268
       Confuse           |       |     4 |     8 |    24 |   101 ||   137
       Tukima's Dance    |       |     4 |     9 |    19 |    47 ||    79
       Glaciate          |       |       |       |       |     2 ||     2
       Shatter           |       |       |       |       |     2 ||     2
       Orb of Destructio |       |       |       |       |     1 ||     1
       Blink             |       |       |       |       |     6 ||     6
       Confusing Touch   |       |       |       |       |     4 ||     4
       Cause Fear        |       |       |       |       |     2 ||     2
       Summon Hydra      |       |       |       |       |     1 ||     1
Invok: Divine Exegesis   |       |       |       |       |     6 ||     6
       Channel Magic     |       |       |       |       |     1 ||     1
Evoke: Wand              |       |       |     3 |     6 |     9 ||    18
       Lamp of fire      |       |       |       |       |     1 ||     1
  Use: Scroll            |     6 |     8 |     7 |    14 |    17 ||    52
       Potion            |       |       |     4 |       |     6 ||    10
 Stab: Sleeping          |     8 |    11 |    26 |   111 |   121 ||   277
       Confused          |       |     5 |     7 |    20 |    39 ||    71
       Distracted        |       |       |       |     3 |     6 ||     9
       Invisible         |       |       |       |       |     7 ||     7
Armor: Robe              |    26 |       |       |       |       ||    26
       Ring mail         |    47 |    91 |   196 |       |       ||   334
       Leather armour    |       |       |    24 |   130 |   369 ||   523
Dodge: Dodged            |    99 |   123 |   297 |   234 |   871 ||  1624
Block: Buckler           |       |       |       |   160 |   653 ||   813
       Reflection        |       |       |       |     5 |    48 ||    53

Table legend:
 A = Non-vault XP
 B = Vault XP
 C = Vault XP percentage of total XP
 D = Non-vault monster count
 E = Vault monster count
 F = Vault count percentage of total count
                 A         B        C        D         E       F
            +---------+---------+-------+---------+---------+-------
      Total |   92249 |   55352 |  37.5 |     594 |     278 |  31.9
            +---------+---------+-------+---------+---------+-------
        D:1 |      70 |       0 |   0.0 |      33 |       0 |   0.0
        D:2 |     106 |     227 |  68.2 |      38 |       1 |   2.6
        D:3 |      58 |       0 |   0.0 |      12 |       0 |   0.0
        D:4 |     154 |       0 |   0.0 |      14 |       0 |   0.0
        D:5 |     764 |     721 |  48.6 |      33 |       4 |  10.8
        D:6 |     807 |     680 |  45.7 |      21 |       3 |  12.5
        D:7 |    1343 |       0 |   0.0 |      26 |       0 |   0.0
        D:8 |    1189 |     473 |  28.5 |      19 |       2 |   9.5
        D:9 |    3944 |     864 |  18.0 |      32 |       5 |  13.5
       D:10 |    1642 |    3148 |  65.7 |      19 |       9 |  32.1
       D:11 |    6675 |     688 |   9.3 |      35 |      23 |  39.7
       D:12 |    9291 |       0 |   0.0 |      46 |       0 |   0.0
       D:13 |    5579 |       0 |   0.0 |      23 |       0 |   0.0
       D:14 |    8697 |    4480 |  34.0 |      31 |      14 |  31.1
       D:15 |    4402 |    7739 |  63.7 |      15 |       8 |  34.8
     Lair:1 |    2264 |       0 |   0.0 |      11 |       0 |   0.0
     Lair:2 |    2237 |     710 |  24.1 |      17 |       5 |  22.7
     Lair:3 |    5129 |    4806 |  48.4 |      26 |      11 |  29.7
     Lair:4 |    4501 |       0 |   0.0 |      18 |       0 |   0.0
     Lair:5 |    3848 |    5651 |  59.5 |      18 |      21 |  53.8
     Lair:6 |    8523 |    7341 |  46.3 |      27 |      14 |  34.1
    Swamp:1 |   16668 |       0 |   0.0 |      47 |       0 |   0.0
    Swamp:2 |    2430 |       0 |   0.0 |       8 |       0 |   0.0
      Orc:1 |    1928 |       5 |   0.3 |      25 |       2 |   7.4
      Orc:2 |       0 |   17760 | 100.0 |       0 |     134 | 100.0
      Sewer |       0 |      59 | 100.0 |       0 |      22 | 100.0
            +---------+---------+-------+---------+---------+-------
